 Dungeon Crawl Stone Soup version 0.30-a0-377-g5cb311bc9f (webtiles) character file.

Game seed: 5662153350543488354

14243 MackTheKnife the Cleaver (level 11, -7/92 HPs)
             Began as a Demonspawn Cinder Acolyte on Nov 28, 2022.
             Was an Elder of Ignis.
             Engulfed by a cloud of freezing vapour (11 damage)
             ... on level 1 of the Lair of Beasts.
             The game lasted 00:21:02 (13093 turns).

MackTheKnife the Cleaver (DsCA)                    Turns: 13093, Time: 00:21:02

Health: -7/92      AC:  9    Str: 24    XL:     11   Next: 86%
Magic:  12/12      EV: 10    Int: 19    God:    Ignis [****..]
Gold:   599        SH:  9    Dex:  9    Spells: 12/12 levels left

rFire   + + .      SeeInvis .    z - +2 war axe (elec) {axe}
rCold   + . .      Faith    .    x - +0 buckler
rNeg    . . .      Spirit   .    b - +1 ring mail {rC+}
rPois   .          Reflect  .    l - +0 hat {Int+3}
rElec   .          Harm     .    n - +2 cloak
rCorr   .          Rampage  .    (no gloves)
Will    .....                    (no boots)
Stlth   ..........               (no amulet)
HPRegen 0.35/turn                F - +6 ring of strength
MPRegen 0.13/turn                e - ring of protection from fire

@: no status effects
A: antennae 2, spiny 2, condensation shield
a: Renounce Religion, Fiery Armour, Foxfire Swarm, Rising Flame


You were on level 1 of the Lair of Beasts.
You worshipped Ignis.
Ignis was greatly pleased with you.
You visited 2 branches of the dungeon, and saw 13 of its levels.

You collected 687 gold pieces.
You spent 88 gold pieces at shops.


Innate Abilities, Weirdness & Mutations

You have a pair of antennae on your head.
You are mostly covered in sharp spines.
A meltable shield of frost defends you. (SH +4)


   Skills:
 - Level 10.5 Fighting
 - Level 13.3 Axes
 + Level 3.2 Armour
 - Level 6.9 Shields
 - Level 1.0 Spellcasting
 - Level 2.6 Fire Magic


You had 12 spell levels left.
You didn't know any spells.
Your spell library contained the following spells:

 Spells                   Type           Power      Damage    Failure   Level
 Scorch                   Fire           22%        2d6       19%         2
 Freeze                   Ice            0%         1d3       34%         1
 Sandblast                Erth           0%         2d4       34%         1
 Cigotuvi's Dreadful Rot  Necr/Pois/Air  0%         N/A       47%         2
 Passwall                 Tmut/Erth      0%         N/A       47%         2
 Inner Flame              Hex/Fire       6%         N/A       52%         3
 Frozen Ramparts          Ice            0%         1d1       71%         3
 Hailstorm                Conj/Ice       0%         3d3       71%         3
 Stone Arrow              Conj/Erth      0%         3d7       71%         3
 Tukima's Dance           Hex            0%         N/A       71%         3
 Flame Wave               Conj/Fire      6%         2d5       90%         4
 Sticky Flame             Conj/Fire      6%         2d3       90%         4
 Animate Armour           Summ/Erth      0%         N/A       98%         4
 Dispel Undead            Necr           0%         3d6       98%         4
 Passage of Golubria      Tloc           0%         N/A       98%         4
 Yara's Violent Unravell  Hex/Tmut       0%         3d3       100%        5
 Death Channel            Necr           0%         N/A       100%        6
 Lehudib's Crystal Spear  Conj/Erth      0%         10d2      100%        8

Inventory:

Hand Weapons
 z - a +2 war axe of electrocution (weapon) {axe}
   (You took it off a goblin on level 3 of the Dungeon)
Missiles
 f - 3 poisoned darts (quivered) {throwing}
Armour
 b - a +1 ring mail of cold resistance (worn)
   (You took it off Joseph on level 8 of the Dungeon)
 l - a +0 hat of intelligence (worn)
   (You took it off Gastronok on level 1 of the Lair of Beasts)
 n - a +2 cloak (worn)
   (You found it on level 1 of the Dungeon)
 x - a +0 buckler (worn)
   (You took it off a gnoll sergeant on level 9 of the Dungeon)
 C - +0 acid dragon scales
   (You found it on level 4 of the Dungeon)
Jewellery
 e - a ring of protection from fire (right hand)
   (You found it on level 8 of the Dungeon)
 F - a +6 ring of strength (left hand)
   (You found it on level 10 of the Dungeon)
 R - a ring of magical power
   (You took it off an orc priest on level 6 of the Dungeon)
 T - a ring of magical power
   (You found it on level 7 of the Dungeon)
 Y - the ring of Cecziat {Fire Int+7}
   (You found it on level 7 of the Dungeon)

   [ring of fire]

   It enhances your fire magic.
   Int:       It affects your intelligence (+7).
   rF:        It protects you from fire.
   rC:        It makes you vulnerable to cold.
Wands
 a - a wand of polymorph (7)
   (You took it off a kobold on level 4 of the Dungeon)
 g - a wand of iceblast (9)
   (You took it off Maurice on level 8 of the Dungeon)
 h - a wand of mindburst (2)
   (You found it on level 9 of the Dungeon)
 i - a wand of paralysis (3)
   (You found it on level 9 of the Dungeon)
 j - a wand of flame (5)
   (You took it off a kobold demonologist on level 10 of the Dungeon)
 Z - a wand of digging (5)
   (You found it on level 7 of the Dungeon)
Scrolls
 d - a scroll of magic mapping {!r}
 k - 2 scrolls of identify {@r1}
 m - a scroll of enchant armour
 t - a scroll of poison {!r}
 u - 3 scrolls of amnesia
 J - 2 scrolls of immolation {!r!r}
 K - 2 scrolls of butterflies
 X - a scroll of teleportation {@r4}
Potions
 c - a potion of ambrosia
 o - 4 potions of curing {@q1}
 p - a potion of berserk rage {unknown}
 q - 2 potions of magic
 r - 2 potions of might
 s - 2 potions of attraction {!q}
 w - 3 potions of flight
 A - 3 potions of resistance
 D - a potion of lignification {!q}

Dungeon Overview and Level Annotations

Branches:
Dungeon (11/15) Zot: 26541  Temple (0/1) D:4            Lair (2/5) D:10 Zot: 10907
  Swamp: Lair:2-3    Shoals: Lair:2-3     Snake: Lair:2-3    Spider: Lair:2-3
    Orc: D:9-12

Altars:
Gozag
Makhleb
Ru
Sif Muna
Vehumet
Yredelemnul

Shops:
D:2 !   D:5 *   D:6 *

Annotations:
D:3 2 transporters, sanka's ghost, amateur DEGl
D:5 1 runed translucent door, exclusion: downstairs, theapuk's ghost, novice FoFi
D:10 exclusion: orange crystal statue
Lair:2 exclusion: oklob plant

~.....Z.Z(4...
.~~.h.....5ZZ
~h~~D~~~~~~≈ ..~
h~~~~~~~~~~ #.#
~~~~~~~~~~ #.#
#......# ..#
#......# #.#
#.######P.##
##.####
#.D@........
#P....# ###
#..#########
......###.####.##
##....#........#
##.P#.P.P.######
...##...###
.###..### .# ##.#
.# #.#


You could see an ice dragon (paralysed, catching breath).


Message History

Press: ? - help, Shift-Dir - straight line, f - wolf
Aim: a wolf The mass of ice explodes!
The iceblast engulfs the wolf!
You hear a bellow!
You hear a howl!
You hear a bellow!
You hit the wolf but do no damage. The wolf bites you but does no damage.
You barely miss the wolf. The wolf bites you but does no damage.
You slash the wolf! The wolf is struck by your spines.
You kill the wolf!
The wolf simulacrum bites you. The wolf simulacrum freezes you.
You resist. 😕 HP[-10]
You take 10 damage, and now have 82/92 hp.
You hit the wolf simulacrum but do no damage.
Lightning courses through the wolf simulacrum! 😕 HP[+1]
You slice the polar bear!!
The polar bear is engulfed in freezing vapours.
The polar bear is struck by your spines.
The polar bear bites you!
The polar bear claws you but does no damage.
The polar bear misses you. 😕 HP[-9]
You take 9 damage, and now have 74/92 hp.
You barely miss the polar bear.
The polar bear is engulfed in freezing vapours.
The polar bear bites you but does no damage.
You block the polar bear's attack.
The polar bear claws you but does no damage.
You slash the polar bear!
You kill the polar bear! 😕 HP[+1]
Aiming: Paralyse
Press: ? - help, Shift-Dir - straight line, f - ice dragon
Aim: an ice dragon (chance to affect: 31%)
The ice dragon easily resists.
The ice dragon breathes frost at you. The blast of cold misses you.
You hear a bellow!
You hit the ice devil but do no damage. You slash the ice devil!
You block the ice devil's attack. 😕 HP[+1]
You hit the ice devil. The ice devil is struck by your spines.
The ice devil hits you! The ice devil freezes you! You resist. 😮 HP[-23]
You take 23 damage, and now have 53/92 hp.
MASSIVE DAMAGE!! (PAUSE)
You slice the ice devil!!
Lightning courses through the ice devil!!
You kill the ice devil!
Your Armour skill increases to level 3!
Unknown command.
You slash the white imp!
You kill the white imp!
The ice dragon breathes frost at you. The blast of cold hits you!! You resist.
* * * LOW HITPOINT WARNING * * *
😨 HP[-22]
You take 22 damage, and now have 31/92 hp.
MASSIVE DAMAGE!! (PAUSE)
Aiming: Paralyse
Press: ? - help, Shift-Dir - straight line, f/p - ice dragon
Aim: an ice dragon (catching its breath, chance to affect: 31%)
The ice dragon suddenly stops moving! 😨 HP[+1]
You hit the naga simulacrum but do no damage.
The naga simulacrum hits you!
* * * LOW HITPOINT WARNING * * *
The naga simulacrum freezes you. You resist.
* * * LOW HITPOINT WARNING * * *
😱 HP[-11]
You take 11 damage, and now have 21/92 hp.
You hit the naga simulacrum. You slash the naga simulacrum!
The naga simulacrum is struck by your spines.
The naga simulacrum closely misses you.
You completely miss the naga simulacrum.
The naga simulacrum is struck by your spines. 😱 HP[+1] Really walk into that cloud of freezing vapour?
You are engulfed in freezing vapours.
You resist.
* * * LOW HITPOINT WARNING * * *
The ice dragon is no longer paralysed.
The ice dragon breathes frost at you. The blast of cold hits you! You resist.
* * * LOW HITPOINT WARNING * * *
You hear a howl!
You see here a wolf corpse. 😱 HP[-18]
You take 18 damage, and now have 4/92 hp.
Unknown command.
Okay, then.
Unknown command.
Okay, then.
Unknown command.
Okay, then.
Aiming: Paralyse
Press: ? - help, Shift-Dir - straight line, f/p - ice dragon
Aim: an ice dragon (catching its breath, chance to affect: 31%)
The ice dragon suddenly stops moving!
You are engulfed in freezing vapours.
You resist.
You die...

Skill      XL: |  1  2  3  4  5  6  7  8  9 10 11 |
---------------+----------------------------------+-----
Axes           | 3 4 5 6 8 9 10 11 12 13 | 13.3
Fighting       | 6 8 10 | 10.5
Shields        | 1 6 |  6.9
Armour         | 3 |  3.2
Spellcasting   | |  1.0
Fire Magic     | |  2.6

Action                   |  1- 3 |  4- 6 |  7- 9 | 10-12 || total
-------------------------+-------+-------+-------+-------++-------
Melee: Hand axe          |   103 |     5 |       |       ||   108
       War axe           |       |    88 |   156 |   277 ||   521
       Punch             |       |       |     3 |     2 ||     5
Invok: Fiery Armour      |       |     1 |     3 |     1 ||     5
Evoke: Wand              |       |       |       |    10 ||    10
  Use: Scroll            |       |     3 |    10 |     6 ||    19
       Potion            |       |     1 |     4 |     6 ||    11
Armor: Robe              |     6 |       |       |       ||     6
       Chain mail        |    23 |    33 |    49 |       ||   105
       Ring mail         |       |       |     7 |    64 ||    71
       Plate armour      |       |       |     4 |       ||     4
       Skin              |       |       |       |    15 ||    15
Dodge: Dodged            |    55 |    26 |    40 |    90 ||   211
Block: Other             |       |    15 |    34 |    22 ||    71
       Buckler           |       |       |       |    44 ||    44

Levels and vault maps discovered:
D:1:      erik_arrival_blinker_ship, layout_loops_corners,
          kennysheep_another_room, minmay_split_cup_small
D:2:      layout_basic, serial_shops, nicolae_square_shop
D:3:      layout_loops_ring, lightli_temple_of_fire, grunt_temple_overflow_open,
          gammafunk_ghost_smash, minivault_11
D:4:      layout_loops_ring, temple_doors_e, chequers_avenue,
          minmay_misc_feat_nine_boxes, nicolae_concentric_dashed_squares_wild,
          st_stairs_8, minivault_5, minmay_misc_feat_more_columns,
          uniq_blork_the_orc
D:5:      layout_loops_ring, ebering_ghost_sewer_d, serial_shops,
          nicolae_shop_advertising_works [nicolae_subvault_shop_adworks],
          uniq_pikel
D:6:      layout_cave_pools, nicolae_shop_clearance
D:7:      layout_cave_pools
D:8:      layout_basic, lemuel_round_altar, minmay_three_doors, uniq_joseph,
          uniq_maurice
D:9:      layout_long_grid
D:10:     layout_basic, nicolae_ru_awakened_eye, david_lair_shrubbed,
          minivault_16, uniq_harold
D:11:     layout_roguey, gammafunk_ghost_cemetery, uniq_sonja
Lair:1:   dreamdust_isle_of_ice, layout_loops_ring, uniq_gastronok
Lair:2:   layout_cave_pods

Notes
Turn   | Place    | Note
-------+----------+-------------------------------------------
     0 | D:1      | MackTheKnife the Demonspawn Cinder Acolyte began the quest
                  | for the Orb.
     0 | D:1      | Reached XP level 1. HP: 18/18 MP: 2/2
     0 | D:1      | magus.rc [v1.9.6]
    79 | D:1      | Reached skill level 3 in Axes
   304 | D:1      | Gained mutation: You are partially covered in sharp spines.
                  | [demonic ancestry]
   304 | D:1      | Reached XP level 2. HP: 21/24 MP: 3/3
   860 | D:1      | Reached XP level 3. HP: 29/29 MP: 4/4
  1065 | D:2      | Found Cenk's Distillery.
  1073 | D:2      | Bought a potion of curing for 39 gold pieces
  1191 | D:2      | Reached skill level 4 in Axes
  1748 | D:3      | Reached XP level 4. HP: 35/35 MP: 5/5
  1898 | D:3      | Found a burning altar of Makhleb.
  2128 | D:3      | Found a basalt altar of Yredelemnul.
  2128 | D:3      | Identified the +8 giant spiked club "Upsek" {freeze, rPois
                  | Int+5}
  2128 | D:3      | Noticed an ogre
  2128 | D:3      | Noticed sanka's ghost (amateur DEGl)
  2129 | D:3      | Found a transporter.
  2130 | D:3      | Found a shimmering blue altar of Sif Muna.
  2133 | D:3      | You add the spells Tukima's Dance, Passage of Golubria and
                  | Yara's Violent Unravelling to your library.
  2135 | D:3      | Found an opulent altar of Gozag.
  2220 | D:3      | Found a transporter.
  2222 | D:3      | Noticed an ogre
  2404 | D:4      | Noticed a scorpion
  2410 | D:4      | Killed a scorpion
  2411 | D:4      | Reached skill level 5 in Axes
  2411 | D:4      | Gained mutation: A meltable shield of frost defends you.
                  | (SH +4) [demonic ancestry]
  2411 | D:4      | Reached XP level 5. HP: 40/41 MP: 6/6
  2689 | D:4      | Found a staircase to the Ecumenical Temple.
  2918 | D:4      | Noticed Blork the orc
  2929 | D:4      | Killed Blork the orc
  2930 | D:4      | Reached skill level 6 in Axes
  2930 | D:4      | Gained mutation: You have a pair of small antennae on your
                  | head. [demonic ancestry]
  2930 | D:4      | Reached XP level 6. HP: 13/47 MP: 7/7
  3514 | D:5      | Entered Level 5 of the Dungeon
  3522 | D:5      | Found Ufelih's Assorted Antiques.
  3534 | D:5      | Bought a scroll labelled RUSYUTTOIJIRYB for 29 gold pieces
  3536 | D:5      | You pick up a book of Flames and begin reading...
  3536 | D:5      | You add the spells Inner Flame, Sticky Flame and Flame Wave
                  | to your library.
  3673 | D:5      | Noticed theapuk's ghost (novice FoFi)
  3679 | D:5      | Found a runed translucent door.
  3688 | D:5      | Noticed Pikel
  3713 | D:5      | Killed Pikel
  3714 | D:5      | Reached skill level 8 in Axes
  3714 | D:5      | Gained mutation: You are mostly covered in sharp spines.
                  | [demonic ancestry]
  3714 | D:5      | Reached XP level 7. HP: 22/52 MP: 8/8
  4168 | D:5      | Reached skill level 9 in Axes
  4168 | D:5      | Reached XP level 8. HP: 51/58 MP: 9/9
  4465 | D:6      | Noticed a two-headed ogre
  4671 | D:6      | Reached skill level 4 in Fighting
  4944 | D:6      | HP: 14/61 [gnoll/+2 spear of distortion[a gnoll bouda] (2)]
  5172 | D:6      | Reached skill level 5 in Fighting
  5210 | D:6      | HP: 14/62 [orc priest/+0 trident (4)]
  5370 | D:6      | Reached skill level 10 in Axes
  5930 | D:6      | Killed a two-headed ogre
  5931 | D:6      | Reached skill level 6 in Fighting
  5931 | D:6      | Reached XP level 9. HP: 22/71 MP: 10/10
  6096 | D:6      | Found Cudor's CLEARANCE SALE!.
  6104 | D:6      | Bought a potion of might for 20 gold pieces
  6432 | D:7      | You pick up a book of Frost and begin reading...
  6432 | D:7      | You add the spells Freeze, Frozen Ramparts and Hailstorm to
                  | your library.
  6452 | D:7      | Reached skill level 7 in Fighting
  6509 | D:7      | Identified the ring of Cecziat {Fire Int+7}
  6882 | D:8      | Found a radiant altar of Vehumet.
  6889 | D:8      | You pick up a book of Geomancy and begin reading...
  6889 | D:8      | You add the spells Sandblast, Passwall and Stone Arrow to
                  | your library.
  6914 | D:8      | Noticed Joseph
  6933 | D:8      | HP: 9/72 [Joseph/+0 quarterstaff (12)]
  6935 | D:8      | Killed Joseph
  6936 | D:8      | Reached skill level 11 in Axes
  7121 | D:8      | Reached skill level 8 in Fighting
  7514 | D:8      | Noticed a centaur warrior
  7520 | D:8      | Killed a centaur warrior
  7521 | D:8      | Reached XP level 10. HP: 37/82 MP: 11/11
  7674 | D:8      | Noticed Maurice
  7689 | D:8      | Killed Maurice
  7731 | D:8      | Noticed a manticore
  7804 | D:8      | Killed a manticore
  7805 | D:8      | Reached skill level 9 in Fighting
  8539 | D:9      | Reached skill level 12 in Axes
  9051 | D:9      | Reached skill level 10 in Fighting
  9054 | D:9      | HP: 16/85 [yak (12)]
  9056 | D:9      | HP: 2/85 [yak (14)]
  9510 | D:9      | You pick up a book of Armaments and begin reading...
  9510 | D:9      | You add the spells Animate Armour and Lehudib's Crystal
                  | Spear to your library.
  9731 | D:9      | HP: 1/86 [something (24)]
 10099 | D:10     | Entered Level 10 of the Dungeon
 10195 | D:10     | Reached skill level 1 in Shields
 10260 | D:10     | Noticed an orange demon
 10263 | D:10     | Noticed a sixfirhy
 10270 | D:10     | Noticed a sixfirhy
 10271 | D:10     | Gained mutation: You have a pair of antennae on your head.
                  | [demonic ancestry]
 10271 | D:10     | Reached XP level 11. HP: 88/92 MP: 12/12
 10296 | D:10     | Noticed an orange crystal statue
 10370 | D:10     | Noticed Harold
 10382 | D:10     | HP: 23/92 [Harold/+2 dire flail of holy wrath (10)]
 10384 | D:10     | Killed Harold
 10385 | D:10     | Reached skill level 3 in Shields
 10396 | D:10     | HP: 17/92 [killer bee (2)]
 10402 | D:10     | HP: 16/92 [komodo dragon (1)]
 10405 | D:10     | Reached skill level 4 in Shields
 10623 | D:10     | Found a staircase to the Lair.
 10686 | D:10     | Found a sacrificial altar of Ru.
 11585 | D:11     | Noticed Sonja
 11589 | D:11     | HP: 17/92 [manticore (20)]
 11595 | D:11     | Reached skill level 5 in Shields
 11595 | D:11     | HP: 11/138 [Sonja/+0 short sword of venom (5)]
 11598 | D:11     | HP: 5/138 [Sonja/+0 short sword of venom (5)]
 11604 | D:11     | HP: 5/138 [asphyx]
 11611 | D:11     | Killed Sonja
 11993 | Lair:1   | Entered Level 1 of the Lair of Beasts
 11994 | Lair:1   | Noticed Gastronok
 12018 | Lair:1   | Killed Gastronok
 12019 | Lair:1   | Reached skill level 6 in Shields
 12082 | Lair:1   | You fall into a shaft and drop 1 floor!
 12142 | Lair:2   | You pick up a book of Decay and begin reading...
 12142 | Lair:2   | You add the spells Cigotuvi's Dreadful Rot, Dispel Undead
                  | and Death Channel to your library.
 12389 | Lair:2   | Reached skill level 13 in Axes
 12550 | Lair:2   | Noticed an oklob plant
 12844 | Lair:1   | Reached skill level 1 in Armour
 13002 | Lair:1   | Reached skill level 2 in Armour
 13066 | Lair:1   | Noticed an ice dragon
 13084 | Lair:1   | Reached skill level 3 in Armour
 13088 | Lair:1   | HP: 21/92 [naga simulacrum (4)]
 13092 | Lair:1   | HP: 4/92 [ice dragon/blast of cold (12)]
 13093 | Lair:1   | Engulfed by a cloud of freezing vapour

Vanquished Creatures
  Gastronok (Lair:1)
  Harold (D:10)
  A centaur warrior (D:8)
  A two-headed ogre (D:6)
  Sonja (D:11)
  Pikel (D:5)
  Maurice (D:8)
  2 manticores
  Joseph (D:8)
  A kobold demonologist (D:10)
  A cane toad (Lair:1)
  2 rime drakes
  3 komodo dragons
  2 ice devils (Lair:1)
  A polar bear (Lair:1)
  2 shadows
  2 wraiths
  15 yaks
  2 steam dragons
  A basilisk (Lair:2)
  An acid dragon (D:9)
  2 water moccasins (Lair:2)
  A sky beast (D:7)
  An orc warrior (D:8)
  2 ice beasts
  2 ogres (D:6)
  A centaur (D:10)
  A wolf (Lair:1)
  3 phantoms
  6 bullfrogs
  2 kobold brigands (D:6)
  Blork the orc (D:4)
  2 gnoll sergeants
  2 scorpions
  A two-headed ogre simulacrum (Lair:1)
  17 killer bees
  A howler monkey (D:7)
  3 orc priests
  A jelly (D:6)
  2 hounds
  2 gnoll boudas
  5 iguanas
  4 orc wizards
  A wolf simulacrum (Lair:1)
  16 gnolls
  3 adders
  A naga simulacrum (Lair:1)
  2 white imps
  2 ufetubi (D:6)
  A worm (D:2)
  12 orcs
  7 endoplasms
  7 giant cockroaches
  6 hobgoblins
  4 jackals (D:1)
  5 quokkas
  6 ball pythons
  2 bats
  3 frilled lizards
  9 goblins
  16 kobolds
  4 rats
212 creatures vanquished.

Vanquished Creatures (others)
  An orc wizard (D:8)
  8 fungi
  40 plants
49 creatures vanquished.

Grand Total: 261 creatures vanquished

Table legend:
 A = Non-vault XP
 B = Vault XP
 C = Vault XP percentage of total XP
 D = Non-vault monster count
 E = Vault monster count
 F = Vault count percentage of total count
                 A         B        C        D         E       F
            +---------+---------+-------+---------+---------+-------
      Total |   12708 |    7640 |  37.5 |     188 |      24 |  11.3
            +---------+---------+-------+---------+---------+-------
        D:1 |      44 |       6 |  12.0 |      27 |       3 |  10.0
        D:2 |      43 |       0 |   0.0 |      16 |       0 |   0.0
        D:3 |      18 |       0 |   0.0 |      11 |       0 |   0.0
        D:4 |     150 |     176 |  54.0 |      12 |       3 |  20.0
        D:5 |     481 |     663 |  58.0 |      11 |       1 |   8.3
        D:6 |    2000 |       0 |   0.0 |      28 |       0 |   0.0
        D:7 |     513 |       0 |   0.0 |      11 |       0 |   0.0
        D:8 |     721 |    2315 |  76.3 |      13 |       5 |  27.8
        D:9 |    3324 |       0 |   0.0 |      25 |       0 |   0.0
       D:10 |    1575 |    1220 |  43.6 |      19 |       2 |   9.5
       D:11 |     565 |     772 |  57.7 |       1 |       1 |  50.0
     Lair:1 |     746 |    2488 |  76.9 |       2 |       9 |  81.8
     Lair:2 |    2528 |       0 |   0.0 |      12 |       0 |   0.0
            +---------+---------+-------+---------+---------+-------

Illustrated notes

Table legend:
 A = Kills in this place as a percentage of kills in entire the game.
 B = Kills by you in this place as a percentage of kills by you in the entire game.
 C = Kills by friends in this place as a percentage of kills by friends in the entire game.
 D = Other kills in this place as a percentage of other kills in the entire game.
 E = Experience gained in this place as a percentage of experience gained in the entire game.
 F = Experience gained in this place divided by the number of levels of this place that you have seen.
                   A       B       C       D       E      F
               +-------+-------+-------+-------+-------+----------------------
         Total | 100.0 | 100.0 |   N/A |   N/A | 100.0 | 1565.2
       Dungeon |  89.2 |  89.2 |   N/A |   N/A |  71.7 | 1326.0
          Lair |  10.8 |  10.8 |   N/A |   N/A |  28.3 | 2881.0
               +-------+-------+-------+-------+-------+----------------------

Table legend: (Time is in decaauts)
 A = Elapsed time spent in this place.
 B = Non-inter-level travel time spent in this place.
 C = Inter-level travel time spent in this place.
 D = Time resting spent in this place.
 E = Time spent auto-exploring this place.
 F = Levels seen in this place.
 G = Mean time per level.
                   A        B        C        D        E       F      G
               +--------+--------+--------+--------+--------+-----+--------+
         Total |  13101 |  12423 |    678 |   2933 |   7771 |  13 | 1007.8 |
       Dungeon |  12009 |  11347 |    662 |   2683 |   7139 |  11 | 1091.7 |
          Lair |   1092 |   1076 |     16 |    250 |    632 |   2 |  546.0 |
               +--------+--------+--------+--------+--------+-----+--------+

Top non-repeatable levels by time:
     D:8: 1630 daAuts
     D:9: 1606 daAuts
    D:10: 1470 daAuts
     D:6: 1366 daAuts
     D:5: 1330 daAuts
     D:4: 1118 daAuts
     D:1: 1072 daAuts
     D:3: 693 daAuts
     D:2: 652 daAuts
     D:7: 648 daAuts
  Lair:2: 616 daAuts
  Lair:1: 475 daAuts
    D:11: 419 daAuts
